 Dungeon Crawl Stone Soup version 0.19-a0-1654-g9d3f708 (webtiles) character file.

420 epen the Skirmisher (level 6, 0/48 HPs)
             Began as a Mummy Monk on Sept 20, 2016.
             Slain by a worker ant (5 damage)
             ... on level 4 of the Dungeon.
             The game lasted 00:04:29 (4289 turns).

epen the Skirmisher (Mummy Monk)                    Turns: 4289, Time: 00:04:30

Health: 0/48       AC:  2    Str: 14    XL:     6   Next: 62%
Magic:  7/7        EV: 14    Int: 12    God:
Gold:   129        SH:  0    Dex: 14    Spells: 0 memorised, 7 levels left

rFire  x . .     SeeInvis .     b - +0 short sword (venom)
rCold  + . .     Gourm    .     a - +0 robe
rNeg   + + +     Faith    .     (no shield)
rPois  ∞         Spirit   .     (no helmet)
rElec  .         Dismiss  .     (no cloak)
rCorr  .         Reflect  .     (no gloves)
MR     .....     Harm     .     (no boots)
Stlth  ++........               (no amulet)
                                (no ring)
                                (no ring)

@: no status effects
A: no food or potions, fire vulnerability, cold resistance 1, negative energy
resistance 3, torment resistance, unbreathing
a: no special abilities


You were on level 4 of the Dungeon.
You were not hungry.

You visited 1 branch of the dungeon, and saw 4 of its levels.

You collected 129 gold pieces.

Inventory:

Hand Weapons
 b - a +0 short sword of venom (weapon)
 f - a +0 dagger of draining
Armour
 a - a +0 robe (worn)
Wands
 e - a wand of iceblast (3/15)
Scrolls
 c - a scroll of remove curse {unknown}
 d - 2 scrolls of identify {unknown}
 g - a scroll of immolation {unknown}
 h - a scroll of recharging {unknown}


   Skills:
 + Level 4.2 Fighting
 * Level 3.2 Short Blades
 + Level 4.1 Dodging
 - Level 1.5 Stealth
 - Level 2.6 Unarmed Combat
 + Level 1.0 Spellcasting


You had 7 spell levels left.
You didn't know any spells.

Dungeon Overview and Level Annotations

Branches:
Dungeon (4/15)
 Temple: D:4-7

Altars:
Gozag
Makhleb
Qazlal
Xom


Innate Abilities, Weirdness & Mutations

You do not eat or drink.
Your flesh is vulnerable to fire.
You are immune to poison.
Your flesh is cold resistant. (rC+)
You are immune to negative energy. (rN+++)
You are immune to unholy pain and torment.
You can survive without breathing.


Message History

The orc priest is moderately wounded.
The orc hits you with a dagger. The worker ant bites you.
The orc priest hits you with a dagger.
You barely miss the orc priest.
The orc priest is heavily wounded.
The orc misses you. The worker ant bites you.
The orc priest completely misses you.
You hit the orc priest.
The orc priest is almost dead.
You kill the orc priest!
The worker ant barely misses you. The orc hits you with a dagger.
* * * LOW HITPOINT WARNING * * *
Things that are here:
a dagger; an orc corpse You barely miss the orc.
The worker ant barely misses you. The jackal skeleton barely misses you.
The orc barely misses you. The orc hits you with a flail!
* * * LOW HITPOINT WARNING * * *
You barely miss the orc. The worker ant bites you.
You die...

# ................ #
................# #
##...............# #
.#.....[..........#
#
..................#
#.................#
#[#...............#
#......##oZ......#
.......oa@o....!#
.......####.?.######
###.### ##.......# #
#.####### #%#
....... ##.# .o.....
##..# .. .......
#..## #.
.......###.#####


You could see a worker ant, 3 orcs and a jackal skeleton.

Vanquished Creatures
  A howler monkey (D:4)
  3 orc priests
  Natasha (D:2)
  2 orc wizards (D:3)
  2 worker ants (D:4)
  7 adders
  An adder skeleton (D:4)
  3 worms (D:2)
  14 orcs
  A ball python (D:4)
  9 giant cockroaches
  8 goblins
  8 hobgoblins
  4 jackals (D:3)
  6 kobolds
  A quokka (D:2)
  8 bats
  6 frilled lizards
  9 rats
94 creatures vanquished.

Notes
Turn   | Place    | Note
-------+----------+-------------------------------------------
     0 | D:1      | epen the Mummy Monk began the quest for the Orb.
     0 | D:1      | Reached XP level 1. HP: 18/18 MP: 1/1
   296 | D:1      | Reached XP level 2. HP: 14/24 MP: 2/2
  1047 | D:2      | Reached XP level 3. HP: 29/29 MP: 3/3
  1062 | D:2      | Found a faded altar of an unknown god.
  1076 | D:2      | Reached skill level 1 in Short Blades
  1903 | D:2      | Reached XP level 4. HP: 30/35 MP: 4/4
  2184 | D:2      | Noticed Natasha
  2193 | D:2      | Killed Natasha
  2581 | D:3      | Found a stormy altar of Qazlal.
  2582 | D:3      | Found a shimmering altar of Xom.
  2583 | D:3      | Found an opulent altar of Gozag.
  2832 | D:3      | Reached XP level 5. HP: 14/42 MP: 5/5
  3415 | D:3      | hi pepe
  3415 | D:3      | i am pepen
  3979 | D:4      | Reached XP level 6. HP: 45/48 MP: 6/6
  3983 | D:4      | Found a burning altar of Makhleb.
  4242 | D:4      | Reached skill level 1 in Spellcasting
  4289 | D:4      | Slain by a worker ant

Vault maps used:
D:1:      dpeg_arrival_connections, nrook_loot_triangle
D:2:      ecumenical_altar_2, first_bread, uniq_natasha
D:3:      minmay_roachtagon, minitemple
D:4:      lemuel_coloured_pillars_altar

Skill      XL: |  1  2  3  4  5  6 |
---------------+-------------------+-----
Short Blades   | 1 2 3 |  3.2
Dodging        | 3 4 |  4.1
Fighting       | 4 |  4.2
Spellcasting   | 1 |  1.0
Stealth        | |  1.5
Unarmed Combat | |  2.6

Action                   |  1- 3 |  4- 6 || total
-------------------------+-------+-------++-------
Melee: Unarmed           |    43 |       ||    43
       Punch             |     3 |     2 ||     5
       Short sword       |    70 |   198 ||   268
 Stab: Sleeping          |     2 |     3 ||     5
       Distracted        |     1 |       ||     1
Armor: Robe              |     8 |    17 ||    25
Dodge: Dodged            |    76 |   147 ||   223
